 Dungeon Crawl Stone Soup version 0.14-a0-2964-g8dc6adb (webtiles) character file.

1379 Quh the Archer (level 8, 0/54 HPs)
             Began as a Demonspawn Hunter on Mar 5, 2014.
             Was a Believer of Okawaru.
             Slain by a gnoll
             ... wielding a +0,+0 spear
              (2 damage)
             ... on Level 6 of the Dungeon.
             The game lasted 00:30:28 (6712 turns).

Quh the Archer (Demonspawn Hunter)                  Turns: 6712, Time: 00:30:28

HP   0/54        AC  4     Str 18      XL: 8   Next: 18%
MP   0/19        EV 17     Int 15      God: Okawaru [**....]
Gold 204         SH  0     Dex 18      Spells:  0 memorised,  7 levels left

rFire  + . .     SeeInvis .     b - +1 bow
rCold  x . .     Clarity  +     h - +0 leather armour
rNeg   . . .     Conserve .     (no shield)
rPois  .         rCorr    .     (helmet restricted)
rElec  .         rRot     .     z - +0 cloak
SustAb . .       Spirit   +     (no gloves)
rMut   .         Warding  .     (no boots)
Saprov . . .     Stasis   .     D - amulet of clarity
MR     .....                    d - ring of magical power
                                x - ring of fire

@: mighty, agile, not resistant to hostile enchantments, stealthy
A: antennae 1, claws 2, powered by pain 1, magic shield
a: Heroism, Renounce Religion


You were on level 6 of the Dungeon.
You worshipped Okawaru.
Okawaru was pleased with you.
You were hungry.

You visited 2 branches of the dungeon, and saw 7 of its levels.

You collected 204 gold pieces.

Inventory:

Hand weapons
 a - a +0,-4 long sword
 b - a +1,+1 bow (weapon)
 t - a +0,+0 spear
 v - a +0,+0 bow
 y - a +0,+0 short sword
 J - a +1,+0 whip of venom
Missiles
 c - 38 arrows (quivered)
 E - 15 arrows of flame
Armour
 h - a +0 leather armour (worn)
 z - a +0 cloak (worn)
Magical devices
 g - a wand of draining (7) {unknown}
Comestibles
 f - 3 bread rations
 m - an orange
 n - a pear
 o - 2 chokos
 s - 2 apples
Scrolls
 i - a scroll of amnesia {unknown}
 k - a scroll of blinking {unknown}
 l - 4 scrolls of recharging
 p - 3 scrolls of remove curse {unknown}
 r - 2 scrolls of random uselessness {unknown}
 u - 2 scrolls of teleportation {unknown}
 B - a scroll of enchant weapon II
 F - a scroll of enchant weapon I {unknown}
 H - 2 scrolls of magic mapping {unknown}
 M - a scroll of fog {unknown}
 N - a scroll of acquirement {unknown}
 O - a scroll of identify
 P - a scroll of silence {unknown}
Jewellery
 d - a ring of magical power (right claw)
 w - an uncursed amulet of rage
 x - a ring of fire (left claw)
 A - an uncursed ring of teleport control
 D - an amulet of clarity (around neck)
 G - an uncursed ring of sustenance {unknown}
 Q - an uncursed ring of wizardry {unknown}
Potions
 e - a potion of magic
 j - a potion of restore abilities
 q - a potion of agility
 C - 2 potions of berserk rage
 I - 2 potions of curing {unknown}
Magical staves
 L - an uncursed staff of poison {unknown}


   Skills:
 - Level 1.0 Fighting
 * Level 9.5 Bows
 - Level 1.7 Dodging
 - Level 0.8 Stealth
 + Level 2.1 Invocations


You had 7 spell levels left.
You didn't know any spells.

Dungeon Overview and Level Annotations

Branches:
Dungeon (6/16)             Temple (1/1) D:4

Altars:
Ashenzari
Cheibriados
Dithmenos
Fedhas
Kikubaaqudgha
Makhleb
Okawaru
Sif Muna
Trog
Vehumet
Yredelemnul
Zin


Innate Abilities, Weirdness & Mutations

You have a pair of small antennae on your head.
You have very sharp fingernails.
You sometimes gain a little power by taking damage.
When hurt, damage is shared between your health and your magic reserves.


Message History

The ice beast barely misses you.
You climb upwards.
There is a stone staircase leading down here.
The ice beast hits you.
* * * LOW HITPOINT WARNING * * *
The ice beast freezes you!
You feel a terrible chill!
* * * LOW HITPOINT WARNING * * *
You focus on the pain.
You feel mightier all of a sudden.
You climb downwards.
The gnoll shaman calls down the wrath of its god upon you.
You resist.
There is a stone staircase leading up here.
Drink which item? (? for menu, Esc to quit)
You feel refreshed.
It was a potion of restore abilities.
The gnoll hits you from afar with a spear.
* * * LOW HITPOINT WARNING * * *
The ice beast closely misses you.
The gnoll hits you from afar with a spear.
You die...

#...#.### .....((######
### #..(.....#...
#..g...#.#.#
#..###.#...# #....g...#
#.###gg..+ #...#....#
###.#@...##########.#
#.#I#+##..........#
#.#.......#########
#.####....########## #.#
#..>........... #.#
#<...#.###.#.## #####.#
#....#.###.#...
#.....####....+.#.....#.
#.#####.......###.###...


You could see an ice beast, a gnoll shaman and 2 gnolls.

Vanquished Creatures
  Grinder (D:4)
  2 ogres (D:4)
  A centaur (D:5)
  2 giant frogs (D:6)
  A jelly (D:6)
  3 hounds (D:5)
  3 crimson imps
  2 orc priests
  An iguana (D:5)
  An orc wizard (D:4)
  2 scorpions
  Ijyb (D:5)
  5 adders (D:2)
  An inept feature mimic (D:6)
  A worm (D:4)
  2 giant eyeballs
  An iguana skeleton (D:5)
  2 giant geckos
  10 orcs
  11 bats
  3 giant cockroaches
  12 goblins
  11 hobgoblins
  12 kobolds
  2 quokkas
  2 ball pythons
  4 giant newts
  A giant newt skeleton (D:4)
  8 jackals
  A kobold skeleton (D:4)
  A quokka skeleton (D:4)
  10 rats
  A rat skeleton (D:4)
121 creatures vanquished.

Notes
Turn   | Place    | Note
--------------------------------------------------------------
     0 | D:1      | Quh, the Demonspawn Hunter, began the quest for the Orb.
     0 | D:1      | Reached XP level 1. HP: 15/15 MP: 1/1
   301 | D:1      | Reached skill level 4 in Bows
   389 | D:1      | Gained mutation: You have a pair of small antennae on your head. [demonic ancestry]
   389 | D:1      | Reached XP level 2. HP: 21/21 MP: 2/2
  1023 | D:2      | Reached XP level 3. HP: 21/26 MP: 3/3
  1550 | D:2      | HP: 1/26 [adder (5)]
  1553 | D:2      | Reached skill level 5 in Bows
  1723 | D:2      | Gained mutation: When hurt, damage is shared between your health and your magic reserves. [demonic ancestry]
  1723 | D:2      | Reached XP level 4. HP: 30/32 MP: 4/4
  3191 | D:3      | Paralysed by a giant eyeball for 3 turns
  3442 | D:4      | Gained mutation: You have sharp fingernails. [demonic ancestry]
  3442 | D:4      | Reached XP level 5. HP: 37/37 MP: 5/5
  3485 | D:4      | Found a staircase to the Ecumenical Temple.
  3498 | Temple   | Entered the Ecumenical Temple
  3552 | Temple   | Became a worshipper of Warmaster Okawaru
  3651 | D:4      | Paralysed by a giant eyeball for 2 turns
  3659 | D:4      | Noticed an ogre
  3669 | D:4      | Killed an ogre
  3669 | D:4      | Reached skill level 6 in Bows
  4063 | D:4      | Gained mutation: You have very sharp fingernails. [demonic ancestry]
  4063 | D:4      | Reached XP level 6. HP: 32/43 MP: 6/6
  4074 | D:4      | Acquired Okawaru's first power
  4311 | D:4      | Noticed Grinder
  4318 | D:4      | Killed Grinder
  4318 | D:4      | Reached skill level 7 in Bows
  4318 | D:4      | Reached XP level 7. HP: 42/48 MP: 7/7
  4530 | D:5      | Entered Level 5 of the Dungeon
  4968 | D:5      | Reached skill level 8 in Bows
  5199 | D:5      | Noticed Ijyb
  5383 | D:5      | Killed Ijyb
  5786 | D:5      | Reached skill level 9 in Bows
  5975 | D:6      | Gained mutation: You sometimes gain a little power by taking damage. [demonic ancestry]
  5975 | D:6      | Reached XP level 8. HP: 54/54 MP: 8/8
  6057 | D:6      | Reached skill level 1 in Invocations
  6712 | D:6      | HP: 2/54 [gnoll/spear (2)]
  6712 | D:6      | Slain by a gnoll

Action                   |  1- 3 |  4- 6 |  7- 9 || total
-------------------------+-------+-------+-------++-------
Melee: Short sword       |    90 |    45 |       ||   135
       Long sword        |       |    92 |    96 ||   188
 Fire: Bow               |    33 |    45 |    85 ||   163
  Use: Scroll            |     2 |     7 |       ||     9
       Potion            |     1 |       |     3 ||     4
